 Dungeon Sprint DCSS version 0.21-a0-221-gfe971b9 (webtiles) character file.

19300000 minicreteconcrete the Conqueror (level 27, -6/247 (249) HPs)
             Began as a Demonspawn Fighter on Aug 25, 2017.
             Was the Champion of Makhleb.
             Killed by divine providence
             ... invoked by an accursed
              (12 damage)
             ... in the Dungeon (Sprint VIII: "Arena of Blood").
             The game lasted 00:07:25 (193 turns).

minicreteconcrete the Conqueror (Demonspawn Fighter) Turns: 193, Time: 00:07:26

HP:   -6/247 (249)  AC: 19    Str: 18    XL:     27
MP:   0/54          EV: 32    Int: 12    God:    Makhleb [******]
Gold: 0             SH:  0    Dex: 22    Spells: 80/80 levels left

rFire    + . .     SeeInvis +   l - +∞ Axe of Woe
rCold    + . .     Gourm    .   (shield currently unavailable)
rNeg     . . .     Faith    .   b - +0 scale mail
rPois    .         Spirit   +   (no helmet)
rElec    .         Reflect  .   (no cloak)
rCorr    .         Harm     .   (gloves unavailable)
MR       ++...     NoTele   +   (no boots)
Stlth    ++++++++++             (no amulet)
HPRegen  0.51/turn              m - ring of see invisible
MPRegen  0.68/turn              n - ring of protection from fire

@: lethally poisoned (-6 -> -80), very slightly contaminated, hasted, very quick
A: claws 3, iridescent scales 3, cold resistance 1, nightstalker 3, passive
freeze, magic shield, magic regeneration, magic link, freezing cloud immunity
a: Minor Destruction, Lesser Servant of Makhleb, Major Destruction, Greater
Servant of Makhleb, Renounce Religion


You were in the Dungeon.
You worshipped Makhleb.
Makhleb was exalted by your worship.
You were not hungry.

You visited 1 branch

Inventory:

Hand Weapons
 a - a +0 war axe
 l - the +∞ Axe of Woe (weapon)
   (You found it in the Dungeon)
Armour
 b - a +0 scale mail (worn)
 c - a +0 shield
Jewellery
 m - a ring of see invisible (left claw)
 n - a ring of protection from fire (right claw)
Potions
 d - a potion of might
 e - a potion of curing
 g - a potion of heal wounds
 i - 2 potions of magic
 j - a potion of berserk rage
Comestibles
 f - a bread ration


   Skills:
 O Level 27 Fighting
 O Level 27 Axes
 O Level 27 Throwing
 O Level 27 Armour
 O Level 27 Dodging
 O Level 27 Stealth
 O Level 27 Shields
 O Level 27 Unarmed Combat
 O Level 27 Spellcasting
 O Level 27 Invocations


You had 80 spell levels left.
You didn't know any spells.

Dungeon Overview and Level Annotations

Branches:
Dungeon (1/1)

Altars:
Makhleb


Innate Abilities, Weirdness & Mutations

You have claws for hands.
You are completely covered in iridescent scales. (AC +6)
Your flesh is cold resistant. (rC+)
You are completely attuned to the shadows.
A frigid envelope surrounds you and freezes all who hurt you.
When hurt, damage is shared between your health and your magic reserves.
You regenerate magic rapidly.
When low on magic, you restore magic in place of health.
You are immune to freezing clouds.


Message History

You hear a shout! x3
The eight-headed meat hydra calls on the powers of darkness!
The eight-headed meat hydra convulses!
Your body is wracked with pain!
The scourge throws poison arrow at you. The poison arrow hits you!
You are more poisoned.
* * * LOW HITPOINT WARNING * * *
The observer gazes at you. Something smites you!
* * * LOW HITPOINT WARNING * * *
Unknown command. 2 orcs, an ogre, a greater mummy and a phantom come into view.
* * * LOW HITPOINT WARNING * * *
You feel very sick. The observer gazes at you. The bolt of fire hits you!
You resist.
* * * LOW HITPOINT WARNING * * *
The accursed casts a spell at you. Something smites you!
You die...

#o).#.....x)§)§W%....
)D)..#xz..x.S§§.o.O..
§......)..z....†..o..
)........)...W§).WL..
#)..)†)..#).G....#...
§).#)X...#.)..2..#...
#)p§.†V###)).....###O
)))...x.V...###..SM.W
....#........_).@.oGM
..#.......#..)).#o.Vo
..........#_.<._#..So
..#. ....#.D...#...o
......._.......
......###......
.###.. ..###. #.. O.#
#.. ..#


You could see 2 accurseds, a reaper, an eight-headed meat hydra, a destroyer
(wandering), 2 observers, 2 scourges, a wretched soul (wandering), a meat
berserker (berserk) and 5 bags of meat.

Vanquished Creatures
  5 hell knights (D)
  Sigmund (D)
  12 hell beasts (D)
  Edmund (D)
  6 greater mummies (D)
  8 great orbs of eyes (D)
  4 wraiths (D)
  Harold (D)
  11 vampire knights (D)
  39 ogres (D)
  12 two-headed ogres (D)
  3 liches (D)
  9 hydras (D)
  79 orcs (D)
  7 phantoms (D)
  12 skeletal warriors (D)
  14 sea snakes (D)
  3 large abominations (D)
  7 small abominations (D)
  11 crawling corpses (D)
245 creatures vanquished.

Vanquished Creatures (others)
  5 crawling corpses (D)
5 creatures vanquished.

Grand Total: 250 creatures vanquished

Notes
Turn   | Place    | Note
-------+----------+-------------------------------------------
     0 | D        | Found the +∞ Axe of Woe
     0 | D        | minicreteconcrete the Demonspawn Fighter began the quest for the Orb.
     0 | D        | Reached XP level 1. HP: 18/18 MP: 1/1
     3 | D        | Noticed a bag of meat
     3 | D        | Noticed a bag of meat
     4 | D        | Noticed a bag of meat
     5 | D        | Noticed a bag of meat
     5 | D        | Noticed a bag of meat
     7 | D        | Noticed a meat berserker
     9 | D        | Killed a bag of meat
     9 | D        | Gained mutation: You are partially covered in iridescent scales. (AC +2) [demonic ancestry]
     9 | D        | Reached XP level 2. HP: 46/46 MP: 2/2
     9 | D        | Reached XP level 3. HP: 52/52 MP: 3/3
     9 | D        | Gained mutation: When hurt, damage is shared between your health and your magic reserves. [demonic ancestry]
     9 | D        | Reached XP level 4. HP: 59/59 MP: 4/4
     9 | D        | Gained mutation: You are slightly more attuned to the shadows. [demonic ancestry]
     9 | D        | Reached XP level 5. HP: 65/65 MP: 5/5
     9 | D        | Gained mutation: You regenerate magic rapidly. [demonic ancestry]
     9 | D        | Reached XP level 6. HP: 72/72 MP: 6/6
     9 | D        | Gained mutation: You have sharp fingernails. [demonic ancestry]
     9 | D        | Reached XP level 7. HP: 79/79 MP: 7/7
     9 | D        | Reached XP level 8. HP: 86/86 MP: 8/8
     9 | D        | Gained mutation: You are significantly more attuned to the shadows. [demonic ancestry]
     9 | D        | Reached XP level 9. HP: 92/92 MP: 9/9
     9 | D        | Reached XP level 10. HP: 99/99 MP: 10/10
     9 | D        | Reached XP level 11. HP: 105/105 MP: 11/11
    10 | D        | Noticed a bag of meat
    10 | D        | Killed a bag of meat
    10 | D        | Reached skill level 10 in Axes
    10 | D        | Reached XP level 12. HP: 116/116 MP: 12/12
    10 | D        | Killed a bag of meat
    10 | D        | Reached skill level 10 in Dodging
    10 | D        | Reached XP level 13. HP: 126/126 MP: 13/13
    11 | D        | Became a worshipper of Makhleb the Destroyer
    12 | D        | Killed a bag of meat
    12 | D        | Gained mutation: You are mostly covered in iridescent scales. (AC +4) [demonic ancestry]
    12 | D        | Reached XP level 14. HP: 136/136 MP: 14/14
    12 | D        | Killed a meat berserker
    12 | D        | Reached * piety under Makhleb
    12 | D        | Reached skill level 15 in Stealth
    12 | D        | Gained mutation: You have very sharp fingernails. [demonic ancestry]
    12 | D        | Reached XP level 15. HP: 146/146 MP: 15/15
    14 | D        | Noticed a meat berserker
    14 | D        | Noticed a meat berserker
    16 | D        | Noticed a meat berserker
    17 | D        | Killed a meat berserker
    17 | D        | Reached skill level 15 in Axes
    18 | D        | Reached XP level 16. HP: 149/159 MP: 14/16
    18 | D        | Killed a meat berserker
    18 | D        | Reached ** piety under Makhleb
    18 | D        | Killed a meat berserker
    18 | D        | Gained mutation: You have claws for hands. [demonic ancestry]
    18 | D        | Reached XP level 17. HP: 173/173 MP: 14/17
    19 | D        | Noticed a large bag of meat
    19 | D        | Noticed a meat berserker
    20 | D        | Noticed a large bag of meat
    22 | D        | Noticed a large bag of meat
    23 | D        | Noticed a destroyer
    24 | D        | Noticed a meat berserker
    25 | D        | Noticed a meat berserker
    25 | D        | Killed a meat berserker
    25 | D        | Reached skill level 27 in Fighting
    25 | D        | Reached *** piety under Makhleb
    25 | D        | Reached XP level 18. HP: 166/182 MP: 9/18
    25 | D        | Killed a large bag of meat
    25 | D        | Noticed a large bag of meat
    27 | D        | Noticed a large bag of meat
    27 | D        | Reached **** piety under Makhleb
    27 | D        | Reached skill level 27 in Armour
    27 | D        | Gained mutation: You are completely covered in iridescent scales. (AC +6) [demonic ancestry]
    27 | D        | Reached XP level 19. HP: 152/189 MP: 4/19
    27 | D        | Killed a large bag of meat
    27 | D        | Reached skill level 27 in Stealth
    27 | D        | Reached skill level 27 in Axes
    27 | D        | Reached skill level 27 in Dodging
    28 | D        | Noticed a meat berserker
    28 | D        | Noticed a large bag of meat
    29 | D        | Noticed a meat berserker
    29 | D        | Killed a large bag of meat
    29 | D        | Reached ***** piety under Makhleb
    29 | D        | Reached XP level 20. HP: 96/197 MP: 1/37
    29 | D        | Reached skill level 15 in Throwing
    29 | D        | Reached skill level 15 in Unarmed Combat
    29 | D        | Reached skill level 15 in Spellcasting
    35 | D        | Killed a meat berserker
    35 | D        | Gained mutation: Your flesh is cold resistant. (rC+) [demonic ancestry]
    35 | D        | Reached XP level 21. HP: 160/204 MP: 1/43
    36 | D        | Noticed a destroyer
    40 | D        | Killed a large bag of meat
    40 | D        | Killed a destroyer
    40 | D        | Reached skill level 27 in Invocations
    40 | D        | Reached ****** piety under Makhleb
    43 | D        | Gained mutation: You are immune to freezing clouds. [demonic ancestry]
    43 | D        | Reached XP level 22. HP: 146/212 MP: 1/49
    45 | D        | Reached skill level 27 in Throwing
    45 | D        | Reached skill level 27 in Unarmed Combat
    45 | D        | Reached skill level 27 in Spellcasting
    45 | D        | Reached skill level 15 in Shields
    46 | D        | Killed a destroyer
    46 | D        | Gained mutation: When low on magic, you restore magic in place of health. [demonic ancestry]
    46 | D        | Reached XP level 23. HP: 219/219 MP: 3/54
    46 | D        | Killed a large bag of meat
    47 | D        | Noticed a large bag of meat
    53 | D        | Noticed a destroyer
    54 | D        | Reached skill level 27 in Shields
    55 | D        | Noticed a destroyer
    56 | D        | Noticed an accursed
    58 | D        | Reached XP level 24. HP: 227/227 MP: 4/54
    60 | D        | Noticed a meat beast
    61 | D        | Killed an accursed
    64 | D        | Killed a meat beast
    64 | D        | Gained mutation: You are completely attuned to the shadows. [demonic ancestry]
    64 | D        | Reached XP level 25. HP: 234/234 MP: 5/54
    66 | D        | Reached XP level 26. HP: 141/242 MP: 4/54
    68 | D        | Killed a destroyer
    69 | D        | Gained mutation: A frigid envelope surrounds you and freezes all who hurt you. [demonic ancestry]
    69 | D        | Reached XP level 27. HP: 249/249 MP: 6/54
    69 | D        | Killed a large bag of meat
    72 | D        | Noticed a meat beast
    72 | D        | Noticed a tyrant
    75 | D        | Killed a tyrant
    78 | D        | Noticed a large bag of meat
    79 | D        | Noticed a meat beast
    80 | D        | Noticed a meat beast
    81 | D        | Killed a large bag of meat
    82 | D        | Killed a meat beast
    88 | D        | Noticed a meat beast
    89 | D        | Killed a meat beast
    89 | D        | Killed a meat beast
    90 | D        | Noticed an accursed
    93 | D        | Noticed an accursed
    93 | D        | Noticed a meat beast
    94 | D        | Killed an accursed
    94 | D        | Killed a destroyer
    96 | D        | Noticed a meat beast
    97 | D        | Noticed a dread
    97 | D        | Killed a meat beast
    98 | D        | Killed an accursed
    98 | D        | Killed a large bag of meat
    99 | D        | Noticed a large bag of meat
    99 | D        | Noticed The Servant
    99 | D        | Noticed The Captor
    99 | D        | Noticed The Defiler
   100 | D        | Noticed a destroyer
   100 | D        | Killed a dread
   100 | D        | Killed a meat beast
   101 | D        | Noticed a destroyer
   105 | D        | Noticed a large bag of meat
   106 | D        | Killed a large bag of meat
   106 | D        | Killed a destroyer
   107 | D        | Killed The Defiler
   112 | D        | Killed The Servant
   113 | D        | Killed The Captor
   114 | D        | Killed a large bag of meat
   115 | D        | Killed a destroyer
   119 | D        | Killed a meat beast
   120 | D        | Noticed a fleshlord
   120 | D        | Killed a fleshlord
   129 | D        | Noticed a meat beast
   130 | D        | Killed a meat beast
   132 | D        | Noticed a tyrant
   136 | D        | Noticed a dread
   140 | D        | Killed a tyrant
   146 | D        | Noticed a meat beast
   146 | D        | Noticed a large bag of meat
   147 | D        | Killed a meat beast
   149 | D        | Noticed a fleshlord
   151 | D        | Noticed a fleshlord
   151 | D        | Killed a large bag of meat
   152 | D        | Killed a fleshlord
   154 | D        | Killed a dread
   155 | D        | Noticed a fleshlord
   157 | D        | Noticed a destroyer
   158 | D        | Noticed an accursed
   159 | D        | Killed a fleshlord
   159 | D        | Killed a fleshlord
   159 | D        | Noticed a tyrant
   159 | D        | Noticed a destroyer
   161 | D        | Noticed a dread
   162 | D        | Noticed a fleshlord
   163 | D        | Noticed a destroyer
   163 | D        | Noticed a destroyer
   163 | D        | Killed an accursed
   165 | D        | Noticed a meat beast
   166 | D        | Killed a destroyer
   166 | D        | Killed a destroyer
   166 | D        | Killed a fleshlord
   167 | D        | Noticed a fleshlord
   167 | D        | Killed a dread
   168 | D        | Killed a meat beast
   169 | D        | Killed a destroyer
   170 | D        | Noticed a dread
   172 | D        | Killed a tyrant
   174 | D        | Noticed a destroyer
   175 | D        | Killed a dread
   177 | D        | Noticed a meat beast
   178 | D        | Noticed a meat beast
   180 | D        | Noticed an accursed
   181 | D        | Noticed a destroyer
   182 | D        | Killed a meat beast
   184 | D        | Noticed a large bag of meat
   184 | D        | Killed a destroyer
   184 | D        | Killed a meat beast
   185 | D        | Noticed an accursed
   186 | D        | Killed an accursed
   187 | D        | Killed a large bag of meat
   189 | D        | Noticed a dread
   189 | D        | Noticed a dread
   189 | D        | Noticed a destroyer
   191 | D        | Killed an accursed
   191 | D        | Killed a destroyer
   192 | D        | Noticed a tyrant
   192 | D        | Noticed a dread
   192 | D        | Noticed an accursed
   192 | D        | Noticed a destroyer
   193 | D        | Noticed an accursed
   193 | D        | HP: 6/247 [observer/bolt of fire (37)]
   193 | D        | Killed from afar by an accursed

Vault maps used:
D:        meatsprint

Skill      XL: |  1  2  3  4  5  6  7  8  9 10 11 12 13 14 15 16 17 18 19 20 21 22 23 |
---------------+----------------------------------------------------------------------+-----
Fighting       | 16 18 19 20 22 24 26 27 | 27.0
Axes           | 9 10 11 12 14 16 18 21 23 27 | 27.0
Armour         | 14 16 17 18 19 21 23 25 27 | 27.0
Shields        | 14 23 27 | 27.0
Dodging        | 7 10 11 14 17 20 22 25 27 | 27.0
Stealth        | 8 11 12 15 18 21 23 26 27 | 27.0
Throwing       | 13 18 23 27 | 27.0
Unarmed Combat | 13 18 23 27 | 27.0
Spellcasting   | 13 18 23 27 | 27.0
Invocations    | 17 24 27 | 27.0

Action                   |  1- 3 |  4- 6 |  7- 9 | 10-12 | 13-15 | 16-18 | 19-21 | 22-24 | 25-27 || total
-------------------------+-------+-------+-------+-------+-------+-------+-------+-------+-------++-------
Melee: Executioner's axe |     1 |       |       |     1 |     3 |     2 |     4 |     8 |    74 ||    93
  Use: Scroll            |       |       |       |       |       |       |       |       |     1 ||     1
       Potion            |       |       |       |       |       |       |       |       |     1 ||     1
 Stab: Distracted        |       |       |       |       |       |       |       |       |     1 ||     1
Armor: Scale mail        |       |       |       |       |       |       |     3 |       |    18 ||    21
Dodge: Dodged            |       |       |       |       |     1 |     3 |     2 |       |    38 ||    44

Table legend:
 A = Spawn XP
 B = Non-spawn XP
 C = Spawn XP percentage of total XP
 D = Spawn monster count
 E = Non-spawn monster count
 F = Spawn count percentage of total count
 G = Total turns spent on level
                    A         B        C        D         E        F      G
               +---------+---------+-------+---------+---------+-------+---------
         Total |       0 | 7691675 |   0.0 |       0 |     230 |   0.0 |   193
               +---------+---------+-------+---------+---------+-------+---------
             D |       0 | 7691675 |   0.0 |       0 |     230 |   0.0 |   193
               +---------+---------+-------+---------+---------+-------+---------
